 Seeded DCSS version 0.28.0-1-gb440e238dd (webtiles) character file.

Game seed: 10844669733645250963 (custom seed)

3144 hikkokomori the Quickloader (level 10, -13/59 HPs)
             Began as a Kobold Arcane Marksman on Feb 25, 2022.
             Was an Initiate of Okawaru.
             Mangled by a boulder beetle (17 damage)
             ... on level 8 of the Dungeon.
             The game lasted 00:18:58 (8505 turns).

hikkokomori the Quickloader (KoAM)                  Turns: 8505, Time: 00:18:58

Health: -13/59     AC: 12    Str:  9    XL:     10   Next: 15%
Magic:  11/11      EV: 16    Int: 15    God:    Okawaru [......]
Gold:   364        SH:  5    Dex: 18    Spells: 10/11 levels left

rFire   + . .      SeeInvis +   n - +9 heavy crossbow "Sniper" {vorpal, Acc+∞ SInv}
rCold   . . .      Faith    .   (shield currently unavailable)
rNeg    . . .      Spirit   .   J - +0 swamp dragon scales
rPois   +          Reflect  +   w - +0 helmet
rElec   .          Harm     .   (no cloak)
rCorr   .          Rampage  .   u - +0 pair of gloves
Will    +....                   i - +0 pair of boots
Stlth   ++++......              D - amulet of reflection
HPRegen 0.19/turn               h - ring of willpower
MPRegen 0.12/turn               P - ring of protection from fire

@: no status effects
A: small, no large weapons, nightstalker 3
a: Renounce Religion


You were on level 8 of the Dungeon.
You worshipped Okawaru.
Okawaru was noncommittal.
You visited 2 branches of the dungeon, and saw 9 of its levels.

You collected 364 gold pieces.

Inventory:

Hand Weapons
 a - a +0 hand crossbow
 g - a +1 dagger of speed
 n - the +9 heavy crossbow "Sniper" (weapon) {vorpal, Acc+∞ SInv}
   (You found it on level 2 of the Dungeon)

   Any ammunition fired from it inflicts extra damage upon your enemies.
   Any ammunition fired from it never misses its target.
   SInv:      It lets you see invisible.
 E - a +4 dagger of freezing
 F - a +3 short sword
Missiles
 c - 38 bolts (quivered ammo)
 M - 19 poisoned darts
Armour
 d - a +0 robe
 i - a +0 pair of boots (worn)
 k - a +2 ring mail of cold resistance
 q - a +1 robe of willpower
 u - a +0 pair of gloves (worn)
 w - a +0 helmet (worn)
 x - an orb of energy
 I - a +0 buckler
 J - +0 swamp dragon scales (worn)
Jewellery
 h - a ring of willpower (left hand)
 D - an amulet of reflection (around neck)
 P - a ring of protection from fire (right hand)
 Q - a ring of positive energy
Wands
 C - a wand of flame (20)
 K - a wand of iceblast (7)
Scrolls
 b - a scroll of fog {unknown}
 f - a scroll of immolation
 l - a scroll of summoning {unknown}
 o - 2 scrolls of enchant weapon
 p - a scroll of torment
 s - 2 scrolls of teleportation
 y - a scroll of brand weapon {unknown}
 B - a scroll of amnesia
 G - a scroll of holy word
 L - a scroll of magic mapping {unknown}
 N - 2 scrolls of identify
 O - a scroll of enchant armour {unknown}
Potions
 e - 5 potions of curing
 j - a potion of flight
 m - 3 potions of heal wounds
 r - 3 potions of attraction
 t - 5 potions of mutation
 v - 2 potions of lignification
 z - a potion of magic
 A - 3 potions of degeneration
 H - a potion of might
 R - a potion of brilliance {unknown}


   Skills:
 + Level 5.0 Fighting
 + Level 10.3 Crossbows
 + Level 4.4 Armour
 + Level 7.9 Dodging
 - Level 6.3 Stealth
 - Level 1.1 Spellcasting
 - Level 3.0 Hexes


You had 10 spell levels left.
You knew the following spells:

 Your Spells              Type           Power      Damage    Failure   Level
a - Slow                  Hex            36%        N/A       19%         1

Your spell library contained the following spells:

 Spells                   Type           Power      Damage    Failure   Level
 Apportation              Tloc           0%         N/A       52%         1
 Static Discharge         Conj/Air       0%         N/A       67%         2
 Inner Flame              Hex/Fire       5%         N/A       69%         3
 Portal Projectile        Hex/Tloc       10%        N/A       69%         3
 Cause Fear               Hex            4%         N/A       87%         4
 Ignite Poison            Fire/Tmut/Pois 0%         N/A       88%         3
 Mephitic Cloud           Conj/Pois/Air  0%         N/A       88%         3
 Dispel Undead            Necr           0%         3d6       99%         4
 Sticky Flame             Conj/Fire      0%         2d3       99%         4
 Alistair's Intoxication  Tmut/Pois      0%         N/A       100%        5
 Fireball                 Conj/Fire      0%         3d3       100%        5
 Freezing Cloud           Conj/Ice/Air   0%         6-21      100%        5
 Iskenderun's Battlesphe  Conj           0%         2d6       100%        5
 Conjure Ball Lightning   Conj/Air       0%         3x3d6     100%        6
 Orb of Destruction       Conj           0%         9d5       100%        7


Dungeon Overview and Level Annotations

Branches:
Dungeon (8/15)             Temple (1/1) D:7
   Lair: D:8-11

Altars:
Ashenzari
Cheibriados
Dithmenos
Elyvilon
Fedhas
Gozag
Hepliaklqana
Kikubaaqudgha
Makhleb
Nemelex Xobeh
Okawaru
Qazlal
Ru
Sif Muna
Trog
Uskayaw
Vehumet
Wu Jian
Xom
Zin
The Shining One


Innate Abilities, Weirdness & Mutations

You are small and have problems with some larger weapons.
You are completely attuned to the shadows.


Message History

Aim: a boulder beetle (moderately wounded, 100% to hit)
You shoot a bolt. The bolt hits the boulder beetle.
The boulder beetle is moderately wounded.
The boulder beetle bites you but does no damage.
The boulder beetle bites you.
Unknown command.
Fire: 43 bolts
Press: ? - help, Q - select action, (/) - cycle Shift-Dir - straight line, f/p - boulder beetle
Aim: a boulder beetle (moderately wounded, 100% to hit)
You shoot a bolt. The bolt hits the boulder beetle!
The boulder beetle is heavily wounded.
The boulder beetle bites you.
The boulder beetle leaps!
Fire: 42 bolts
Press: ? - help, Q - select action, (/) - cycle Shift-Dir - straight line, f/p - boulder beetle
Aim: a boulder beetle (heavily wounded, 100% to hit)
You shoot a bolt.
The bolt hits the boulder beetle but does no damage.
The boulder beetle is heavily wounded.
Fire: 41 bolts
Press: ? - help, Q - select action, (/) - cycle Shift-Dir - straight line, f/p - boulder beetle
Aim: a boulder beetle (heavily wounded, 100% to hit)
You shoot a bolt. The bolt hits the boulder beetle!
The boulder beetle is severely wounded.
The boulder beetle misses you.
Fire: 40 bolts
Press: ? - help, Q - select action, (/) - cycle Shift-Dir - straight line, f/p - boulder beetle
Aim: a boulder beetle (severely wounded, 100% to hit)
You shoot a bolt. The bolt hits the boulder beetle!
The boulder beetle is severely wounded.
The boulder beetle misses you. The boulder beetle closely misses you.
Fire: 39 bolts
Press: ? - help, Q - select action, (/) - cycle Shift-Dir - straight line, f/p - boulder beetle
Aim: a boulder beetle (severely wounded, 100% to hit)
You shoot a bolt.
The bolt hits the boulder beetle but does no damage.
The boulder beetle is severely wounded.
The boulder beetle bites you!! x2
* * * LOW HITPOINT WARNING * * *
The boulder beetle bites you!
You die...

#.# #.# #.# ...
##.# #.# .... #..#
###.#
###.#######.##
#...# #........(#.#
#.#####.........#.#
#.).............#.#
#.)####........(#.#
#.)####.......(B@.#
#.....#.........###
##.##...))......#
##.####........>#
##...<).........#
#########.####### #
#...# ##### #...#
####.# ....# #...#
#....


You could see a boulder beetle.

Vanquished Creatures
  A hydra (D:8)
  A centaur zombie (D:6)
  Maggie (D:7)
  A hornet (D:7)
  Sigmund (D:3)
  A water moccasin (D:6)
  2 ice beasts
  2 ogres
  A centaur (D:7)
  2 kobold brigands
  2 bullfrogs
  A scorpion (D:6)
  3 wights (D:5)
  2 bullfrog zombies (D:6)
  3 hounds
  3 orc priests
  A centaur skeleton (D:3)
  An iguana (D:6)
  4 orc wizards
  2 killer bee zombies
  Robin (D:1)
  3 adders
  4 ufetubi
  4 worms
  2 dart slugs
  14 orcs
  12 endoplasms
  5 giant cockroaches
  18 goblins
  8 hobgoblins
  2 quokkas (D:1)
  9 ball pythons
  13 bats
  3 frilled lizards (D:1)
  16 kobolds
  7 rats
  A butterfly (D:7)
157 creatures vanquished.

Vanquished Creatures (others)
  5 plants (D:3)
  6 toadstools (D:8)
11 creatures vanquished.

Grand Total: 168 creatures vanquished

Notes
Turn   | Place    | Note
-------+----------+-------------------------------------------
     0 | D:1      | hikkokomori the Kobold Arcane Marksman began the quest for
                  | the Orb.
     0 | D:1      | Reached XP level 1. HP: 12/12 MP: 2/2
   106 | D:1      | Reached skill level 3 in Crossbows
   130 | D:1      | Reached XP level 2. HP: 11/16 MP: 3/3
   325 | D:1      | Reached skill level 4 in Crossbows
   325 | D:1      | Reached XP level 3. HP: 20/20 MP: 4/4
   478 | D:1      | Found a faded altar of an unknown god.
   851 | D:2      | Reached skill level 1 in Stealth
  1031 | D:2      | Reached XP level 4. HP: 24/25 MP: 5/5
  1174 | D:2      | Noticed Robin
  1447 | D:1      | HP: 1/25 [Robin (3)]
  1462 | D:1      | Killed Robin
  1463 | D:1      | Reached skill level 5 in Crossbows
  1849 | D:2      | Found the +9 heavy crossbow "Sniper" {vorpal, Acc+∞ SInv}
  1904 | D:2      | Reached XP level 5. HP: 28/29 MP: 6/6
  2420 | D:3      | Noticed Sigmund
  2427 | D:3      | Killed Sigmund
  2428 | D:3      | Reached skill level 6 in Crossbows
  2428 | D:3      | Reached skill level 5 in Stealth
  2428 | D:3      | Reached XP level 6. HP: 34/34 MP: 7/7
  3172 | D:4      | Reached XP level 7. HP: 38/38 MP: 8/8
  3418 | D:4      | Reached skill level 7 in Crossbows
  4122 | D:5      | Entered Level 5 of the Dungeon
  4420 | D:5      | Reached skill level 1 in Armour
  4823 | D:6      | Noticed a water moccasin
  4825 | D:6      | Killed a water moccasin
  4826 | D:6      | Reached XP level 8. HP: 42/43 MP: 9/9
  5358 | D:5      | Reached skill level 8 in Crossbows
  5586 | D:6      | Reached skill level 5 in Dodging
  5586 | D:6      | Reached XP level 9. HP: 28/47 MP: 10/10
  5924 | D:6      | Reached skill level 9 in Crossbows
  6234 | D:7      | Noticed Maggie
  6238 | D:7      | Killed Maggie
  6757 | D:7      | Found a staircase to the Ecumenical Temple.
  6763 | Temple   | Entered the Ecumenical Temple
  6868 | Temple   | Became a worshipper of Warmaster Okawaru
  7231 | D:7      | Noticed a hornet
  7233 | D:7      | Killed a hornet
  8188 | D:8      | Noticed a four-headed hydra
  8194 | D:8      | Killed a four-headed hydra
  8194 | D:8      | Reached * piety under Okawaru
  8195 | D:8      | Reached skill level 10 in Crossbows
  8195 | D:8      | Reached XP level 10. HP: 45/58 MP: 11/11
  8358 | D:8      | Reached skill level 5 in Fighting
  8495 | D:8      | Noticed a boulder beetle
  8505 | D:8      | Mangled by a boulder beetle

Illustrated notes

Levels and vault maps discovered:
D:1:      dpeg_arrival_arbitrary_c, layout_basic,
          dreamdust_ecumenical_altar_grove
D:2:      layout_basic, uniq_robin
D:3:      wad_woods_pond, layout_rooms, roderic_batcave, uniq_sigmund
D:4:      nicolae_cairo_tiling_large, layout_loops_corners
D:5:      layout_rooms, grunt_decor_arrowhead
D:6:      layout_basic
D:7:      layout_loops_ring, minmay_temple_entry_butterflies,
          serial_co_window_serial, co_window_paths_a, co_window_paths_a,
          co_window_corner_a, co_window_paths_a, co_window_cross_1,
          co_window_corner_a, co_window_corner_b, co_window_broadway_c,
          co_window_broadway_a, co_window_broadway_a,
          co_window_of_opportunity_b, co_window_corner_b, co_window_paths_d,
          glass_columns_a, glass_columns_c, glass_columns_b, glass_columns_a,
          minmay_misc_feat_square, kennysheep_nondescript, uniq_maggie
D:8:      layout_loops_cross, minmay_gold_behind_fungi
Temple:   mainiacjoe_temple_archimedes_tessellation

Skill      XL: |  1  2  3  4  5  6  7  8  9 10 |
---------------+-------------------------------+-----
Crossbows      | 3 4 5 6 7 8 10 | 10.3
Stealth        | 1 2 5 6 |  6.3
Armour         | 1 3 4 |  4.4
Dodging        | 3 5 7 |  7.9
Fighting       | 4 5 |  5.0
Spellcasting   | |  1.1
Hexes          | |  3.0

Action                   |  1- 3 |  4- 6 |  7- 9 | 10-12 || total
-------------------------+-------+-------+-------+-------++-------
Melee: Dagger            |    26 |   276 |    18 |    25 ||   345
       Punch             |       |     4 |       |       ||     4
 Fire: Hand crossbow     |    58 |       |       |       ||    58
       Heavy crossbow    |       |    15 |    84 |     7 ||   106
  Use: Scroll            |     2 |       |    14 |       ||    16
       Potion            |       |     1 |       |       ||     1
 Stab: Sleeping          |     4 |     7 |     2 |       ||    13
Armor: Robe              |     3 |    44 |    25 |       ||    72
       Ring mail         |       |    44 |       |       ||    44
       Swamp dragon scal |       |       |     4 |    12 ||    16
Dodge: Dodged            |    20 |   215 |    61 |    16 ||   312
Block: Other             |       |       |    15 |     8 ||    23
       Reflection        |       |       |     2 |     1 ||     3
